 Dungeon Crawl Stone Soup version 0.28.0-47-ge53b351184 (webtiles) character file.

Game seed: 4025919385669838060

297049 croobank the Capitalist (level 20, -1/174 HPs)
             Began as a Gnoll Fire Elementalist on Apr 24, 2022.
             Was an Initiate of Gozag.
             Killed from afar by a deep elf zephyrmancer (23 damage)
             ... with a bolt of lightning
             ... on level 2 of the Elven Halls on Apr 25, 2022.
             The game lasted 07:07:30 (59468 turns).

croobank the Capitalist (Gnoll Fire Elementalist)  Turns: 59468, Time: 07:07:31

Health: -1/174     AC: 24    Str: 10    XL:     20   Next: 92%
Magic:  25/47      EV: 11    Int: 22    God:    Gozag
Gold:   858        SH: 21    Dex: 12    Spells: 5/48 levels left

rFire   + . .      SeeInvis .   d - +3 demon trident (flame)
rCold   . . .      Faith    .   b - +4 tower shield {reflect}
rNeg    . . .      Spirit   .   H - +4 scale mail of Tartarus {Will+ Regen+}
rPois   .          Reflect  +   (helmet restricted)
rElec   .          Harm     .   Q - +2 cloak
rCorr   .          Rampage  .   s - +2 pair of gloves
Will    +++..                   f - +2 pair of boots
Stlth   ++++......              m - amulet of regeneration
HPRegen 1.99/turn               U - ring of protection from fire
MPRegen 0.30/turn               w - ring "Jefinuf" {Will+ MP+9}

@: gold aura
A: fangs 1, strong nose, distributed training, horns 1, robust 1
}: 2/15 runes: decaying, serpentine
a: Renounce Religion, Potion Petition, Call Merchant, Bribe Branch


You were on level 2 of the Elven Halls.
You worshipped Gozag.
Gozag was pleased with you.
You visited 9 branches of the dungeon, and saw 40 of its levels.
You also visited: Ice Cave.

You collected 17573 gold pieces.
You spent 1287 gold pieces at shops.
You paid 15428 gold pieces to Gozag.

Inventory:

Hand Weapons
 d - a +3 demon trident of flaming (weapon)
 j - a +6 vorpal great mace
 G - a +3 battleaxe of freezing
 I - the +4 broad axe of Bloodstone {vorpal, rF- Int+4 Dex+3}
   (You found it on level 4 of the Swamp)

   It inflicts extra damage upon your enemies.
   Int:       It affects your intelligence (+4).
   Dex:       It affects your dexterity (+3).
   rF:        It makes you vulnerable to fire.
 K - the +7 falchion of Division {vorpal, rElec Dex+2 SInv}
   (You found it on level 4 of the Lair of Beasts)

   It inflicts extra damage upon your enemies.
   Dex:       It affects your dexterity (+2).
   rElec:     It insulates you from electricity.
   SInv:      It lets you see invisible.
Missiles
 Y - 11 curare-tipped darts
Armour
 b - a +4 tower shield of reflection (worn)
 f - a +2 pair of boots (worn)
 s - a +2 pair of gloves (worn)
 H - the +4 scale mail of Tartarus (worn) {Will+ Regen+}
   (You found it on level 4 of the Lair of Beasts)

   Regen:     It increases your rate of health regeneration.
   Will:      It increases your willpower.
 Q - a +2 cloak (worn)
Jewellery
 g - a ring of resist corrosion
 m - an amulet of regeneration (around neck)
 q - a ring of poison resistance
 w - the ring "Jefinuf" (right hand) {Will+ MP+9}
   (You found it on level 7 of the Dungeon)

   [ring of magical power]

   MP:        It affects your magic capacity (+9).
   Will:      It increases your willpower.
 x - a +4 ring of protection
 z - a ring of willpower
 M - an amulet of magic regeneration
 O - a ring of wizardry
 P - an amulet of guardian spirit
 S - a ring of protection from cold
 U - a ring of protection from fire (left hand)
 V - a ring of protection from fire
 X - a +6 ring of intelligence
Wands
 i - a wand of polymorph (4)
 o - a wand of digging (6)
 p - a wand of flame (19)
 r - a wand of mindburst (7)
 v - a wand of iceblast (7)
 A - a wand of paralysis (8)
 D - a wand of acid (4)
Scrolls
 a - 2 scrolls of teleportation
 e - a scroll of silence
 k - 4 scrolls of torment (quivered)
 y - 2 scrolls of fear
 B - 5 scrolls of fog
 C - a scroll of holy word
 T - 3 scrolls of magic mapping
 W - 3 scrolls of amnesia
Potions
 h - 6 potions of curing
 l - 3 potions of flight
 t - 4 potions of mutation
 u - 3 potions of magic
 E - 3 potions of lignification
 F - 2 potions of brilliance
 L - 2 potions of ambrosia
 R - a potion of berserk rage
 Z - a potion of might
Miscellaneous
 n - a phantom mirror
 J - a phial of floods


   Skills:
 + Level 14.1 Fighting
 + Level 14.1 Short Blades
 + Level 14.1 Long Blades
 + Level 14.1 Axes
 + Level 14.1 Maces & Flails
 + Level 14.1 Polearms
 + Level 14.1 Staves
 + Level 14.1 Slings
 + Level 14.1 Bows
 + Level 14.1 Crossbows
 + Level 14.1 Throwing
 + Level 14.1 Armour
 + Level 14.7 Dodging
 + Level 14.6 Stealth
 + Level 14.1 Shields
 + Level 14.1 Unarmed Combat
 + Level 14.8 Spellcasting
 + Level 12.1 Conjurations
 + Level 11.9 Hexes
 + Level 11.9 Summonings
 + Level 11.9 Necromancy
 + Level 11.9 Translocations
 + Level 11.9 Transmutations
 + Level 13.1 Fire Magic
 + Level 11.9 Ice Magic
 + Level 11.9 Air Magic
 + Level 11.9 Earth Magic
 + Level 11.9 Poison Magic
 + Level 15.2 Invocations
 + Level 14.1 Evocations


You had 5 spell levels left.
You knew the following spells:

 Your Spells              Type           Power      Damage    Failure   Level
a - Foxfire               Conj/Fire      100%       2x1d9     1%          1
b - Scorch                Fire           100%       2d10      1%          2
c - Flame Wave            Conj/Fire      64%        2d12      3%          4
d - Silence               Hex/Air        31%        N/A       12%         5
e - Conjure Flame         Conj/Fire      64%        6-21      1%          3
f - Ensorcelled Hibernat  Hex/Ice        100%       N/A       1%          2
g - Poisonous Vapours     Pois/Air       100%       N/A       1%          2
h - Passwall              Tmut/Erth      51%        N/A       1%          2
i - Cause Fear            Hex            31%        N/A       4%          4
j - Summon Lightning Spi  Summ/Air       62%        N/A       4%          4
k - Petrify               Tmut/Erth      62%        N/A       4%          4
l - Frozen Ramparts       Ice            100%       1d12      1%          3
m - Mephitic Cloud        Conj/Pois/Air  62%        N/A       1%          3
n - Summon Ice Beast      Ice/Summ       62%        N/A       4%          4

Your spell library contained the following spells:

 Spells                   Type           Power      Damage    Failure   Level
 Animate Skeleton         Necr           100%       N/A       1%          1
 Apportation              Tloc           100%       N/A       1%          1
 Magic Dart               Conj           100%       1d8       1%          1
 Pain                     Necr           100%       1d9       1%          1
 Sandblast                Erth           100%       2d20      1%          1
 Sting                    Tmut/Pois      100%       1d8       1%          1
 Summon Small Mammal      Summ           100%       N/A       1%          1
 Call Imp                 Summ           62%        N/A       1%          2
 Corpse Rot               Necr/Air       100%       N/A       1%          2
 Static Discharge         Conj/Air       62%        N/A       1%          2
 Sublimation of Blood     Necr           62%        N/A       1%          2
 Wereblood                Tmut           62%        N/A       1%          2
 Call Canine Familiar     Summ           62%        N/A       1%          3
 Inner Flame              Hex/Fire       64%        N/A       1%          3
 Portal Projectile        Hex/Tloc       100%       N/A       1%          3
 Stone Arrow              Conj/Erth      100%       3d13      1%          3
 Summon Guardian Golem    Hex/Summ       62%        N/A       1%          3
 Swiftness                Air            62%        N/A       1%          3
 Tukima's Dance           Hex            62%        N/A       1%          3
 Animate Armour           Summ/Erth      100%       N/A       4%          4
 Animate Dead             Necr           31%        N/A       4%          4
 Ice Form                 Ice/Tmut       62%        N/A       4%          4
 Leda's Liquefaction      Hex/Erth       31%        N/A       4%          4
 Olgreb's Toxic Radiance  Pois           62%        N/A       4%          4
 Passage of Golubria      Tloc           62%        N/A       4%          4
 Lightning Bolt           Conj/Air       31%        1d48      11%         5
 Agony                    Necr           62%        N/A       12%         5
 Excruciating Wounds      Necr           31%        N/A       12%         5
 Metabolic Englaciation   Hex/Ice        31%        N/A       12%         5
 Yara's Violent Unravell  Hex/Tmut       31%        3d13      12%         5
 Death Channel            Necr           31%        N/A       54%         6
 Statue Form              Tmut/Erth      41%        N/A       54%         6
 Summon Cactus Giant      Summ           31%        N/A       54%         6
 Orb of Destruction       Conj           31%        9d10      97%         7
 Haunt                    Necr/Summ      31%        N/A       98%         7
 Spellforged Servitor     Conj/Summ      31%        N/A       98%         7
 Storm Form               Tmut/Air       31%        N/A       98%         7
 Summon Hydra             Summ           31%        N/A       98%         7
 Borgnjor's Revivificati  Necr           31%        N/A       100%        8
 Discord                  Hex            31%        N/A       100%        8
 Infestation              Necr           31%        N/A       100%        8
 Lehudib's Crystal Spear  Conj/Erth      31%        10d8      100%        8
 Maxwell's Capacitive Co  Air            31%        ∞         100%        8
 Necromutation            Tmut/Necr      31%        N/A       100%        8
 Death's Door             Necr           31%        N/A       100%        9


Dungeon Overview and Level Annotations

Branches:
Dungeon (15/15)            Temple (1/1) D:6            Lair (6/6) D:8
  Swamp (4/4) Lair:2        Snake (4/4) Lair:3        Slime (0/5) Lair:6
    Orc (2/2) D:12            Elf (2/3) Orc:2        Vaults (5/5) D:13
  Crypt (0/3) Vaults:2     Depths (1/4) D:15          IceCv (visited)

Altars:
Ashenzari
Cheibriados
Dithmenos
Elyvilon
Fedhas
Gozag
Hepliaklqana
Kikubaaqudgha
Makhleb
Nemelex Xobeh
Okawaru
Qazlal
Ru
Sif Muna
Trog
Uskayaw
Vehumet
Wu Jian
Xom
Yredelemnul
Zin
The Shining One
Beogh

Shops:
D:9 *[   D:11 :   Orc:1 (   Orc:2 [[*(   Elf:1 =   Snake:1 (==   Snake:3 *[(!
Snake:4 **

Annotations:
D:10 1 runed translucent door
D:13 1 runed translucent door, Kazon's ghost, journeyman DDFi
Lair:3 exclusion: ice statue
Lair:4 1 runed translucent door, Zeld's ghost, journeyman DrCj
Snake:2 Roxanne
Vaults:1 2 transporters, exclusion: orange crystal statue


Innate Abilities, Weirdness & Mutations

You have very sharp teeth.
Your uncanny sense of smell can sniff out nearby items.
Your experience applies equally to all skills.
You have a pair of small horns on your head.
You are robust. (+10% HP)


Message History

The +0 flail of draining completely resists.
The bolt of lightning hits the +2 long sword of electrocution.
The +2 long sword of electrocution completely resists.
The bolt of lightning hits you. You resist.
* * * LOW HITPOINT WARNING * * *
The bolt of lightning hits you. You resist.
* * * LOW HITPOINT WARNING * * *
You block the +2 long sword of electrocution's attack. [a] - 224 gold - heal wounds and curing [b] - 336 gold - might, brilliance and invisibility [c] - 184 gold - heal wounds and curing Purchase which effect?
You feel much better.
You feel better.
The +2 long sword of electrocution hits you!
* * * LOW HITPOINT WARNING * * *
The deep elf zephyrmancer casts a spell.
The deep elf zephyrmancer blinks!
The deep elf zephyrmancer mumbles some strange words.
The deep elf zephyrmancer blinks!
The deep elf pyromancer is distracted by your dazzling golden aura.
The deep elf pyromancer shouts!
Okay, then.
Your magical effects are unravelling.
You feel magically purged.
You feel less wooden.
Your +2 cloak unmelds from your body.
Your +2 pair of gloves unmelds from your body.
Your +2 pair of boots unmelds from your body.
The +4 scale mail of Tartarus {Will+ Regen+} unmelds from your body.
You feel a little less mighty now.
Your resistance to elements expires.
The +2 long sword of electrocution is distracted by your dazzling golden aura.
The deep elf zephyrmancer casts a spell at you.
The bolt of lightning hits the +0 flail of draining.
The +0 flail of draining completely resists.
The bolt of lightning hits the +2 long sword of electrocution.
The +2 long sword of electrocution completely resists.
The +2 long sword of electrocution is no longer distracted by gold.
The bolt of lightning hits you!!
You die...
Your body crumbles into a pile of gold.

##.......##
#.)<.)....#
########...P.P...#
.......'.........#
########...P.P...#
#.........#
##.......##
##.8...##
##@###### ##(##
#(## #..°.e'##
#..°Ee# ....○E∆
..... ....? $ #...


You could see a deep elf pyromancer, a deep elf zephyrmancer, 2 fire elementals,
2 dancing weapons and a friendly lightning spire (summoned).

Vanquished Creatures
  Saint Roka (Vaults:2)
  A tentacled monstrosity (Vaults:4)
  Rupert (Lair:3)
  Frances (D:12)
  2 sphinxes
  Kirke (D:15)
  Donald (Snake:3)
  A nagaraja (Snake:3)
  The ghost of Ykec Esm the Carver, a journeyman DrWn of Ashenzari (Swamp:2)
  Aizul (Vaults:3)
  A fire giant (Vaults:1)
  4 vault wardens
  3 ironbound preservers
  A stone giant (Vaults:1)
  4 very ugly things
  A quicksilver ooze (IceCv)
  Azrael (D:12)
  3 eleionomae (Swamp:4)
  A deep elf annihilator (Elf:1)
  A bunyip (Swamp:4)
  An entropy weaver (Vaults:1)
  A dire elephant (Vaults:2)
  A deep elf death mage (Elf:1)
  A shambling mangrove (Swamp:1)
  A fire dragon (Swamp:4)
  An ice dragon (D:11)
  2 naga warriors
  3 yaktaur captains
  2 ogre magi
  A salamander tyrant (Snake:3)
  12 vault guards
  A rakshasa (D:14)
  5 boulder beetles
  2 ghost crabs
  A death knight (D:14)
  25 hydras
  2 ironbound frosthearts
  6 centaur warriors
  2 alligators
  8 two-headed ogres
  A tengu warrior (D:10)
  5 anacondas
  4 death yaks (Lair:5)
  A deep troll earth mage (Vaults:1)
  A vampire mage (D:14)
  A naga sharpshooter (Snake:3)
  An orc high priest (Orc:1)
  A shock serpent (Snake:1)
  4 deep elf knights
  A salamander mystic (Snake:3)
  14 skeletal warriors
  3 fire crabs
  9 goliath frogs
  A spriggan druid (Swamp:3)
  9 sea snakes (Snake:2)
  A storm dragon skeleton (D:15)
  2 deep elf archers (Elf:1)
  4 deep trolls (Vaults:1)
  3 bog bodies
  3 ironbound convokers
  A shadow dragon zombie (D:15)
  9 swamp dragons
  2 phantasmal warriors (D:14)
  2 lindwurms
  5 necromancers
  5 deep elf pyromancers
  A tengu skeleton (Vaults:2)
  2 wizards
  7 harpies
  A sphinx zombie (D:15)
  Pikel (D:10)
  5 orc knights
  3 mana vipers
  13 ugly things
  2 will-o-the-wisps
  A deep elf zephyrmancer (Elf:1)
  15 elephants
  2 fire giant skeletons
  6 orc sorcerers
  5 manticores
  18 black mambas
  6 salamanders
  5 cyclopes
  4 frost giant skeletons (Vaults:2)
  2 naga magi
  2 stone giant skeletons (Vaults:2)
  A torpor snail (Lair:6)
  3 human skeletons
  6 cane toads
  6 vault sentinels
  4 kobold demonologists
  An efreet (D:13)
  11 komodo dragons
  2 unseen horrors
  5 rime drakes
  A yaktaur zombie (Vaults:4)
  11 yaktaurs
  A guardian mummy (D:15)
  An entropy weaver simulacrum (IceCv)
  A tengu conjurer (D:10)
  A very ugly thing simulacrum (IceCv)
  2 yaktaur skeletons (Vaults:2)
  9 trolls
  A tarantella (shapeshifter) (D:15)
  6 polar bears
  A tyrant leech (Swamp:3)
  A tarantella (Vaults:1)
  3 meliai
  11 hornets
  A blink frog (shapeshifter) (D:14)
  17 blink frogs
  A wolf spider simulacrum (D:15)
  18 slime creatures
  A meliai zombie (D:11)
  9 dream sheep
  A jumping spider (Vaults:1)
  An ettin skeleton (Vaults:4)
  2 large abominations (Elf:1)
  A water elemental (Elf:1)
  11 spriggans
  A centaur simulacrum (D:15)
  A human (D:13)
  5 wraiths
  2 air elementals
  2 shadows
  A vampire (D:14)
  79 yaks
  4 wyverns
  A hog (D:15)
  A human (shapeshifter) (D:13)
  A fire elemental (D:13)
  6 basilisks
  2 steam dragons
  8 vampire mosquitoes
  An elf skeleton (Vaults:2)
  9 nagas
  2 acid dragons
  14 swamp worms
  24 water moccasins
  6 wargs
  4 hell hounds
  A demonic crawler simulacrum (IceCv)
  2 sky beasts (D:7)
  7 swamp drakes
  3 black bears
  31 orc warriors
  6 ice beasts
  6 ogres
  6 centaurs
  2 ugly thing simulacra (IceCv)
  5 boggarts (Lair:6)
  19 wolves
  4 lemures (D:7)
  4 kobold brigands
  13 bullfrogs
  A gnoll sergeant (D:11)
  A scorpion (D:8)
  A wyvern skeleton (D:7)
  A killer bee (D:8)
  10 wights
  10 electric eels
  2 howler monkeys (D:13)
  A bullfrog zombie (D:5)
  5 jellies
  7 centaur zombies
  11 orc priests
  A centaur skeleton (D:6)
  A hound (D:4)
  17 orc wizards
  An iguana (D:6)
  6 hell rats (Lair:6)
  A killer bee zombie (D:7)
  3 nameless horrors
  A hound skeleton (D:5)
  A howler monkey zombie (D:11)
  4 gnolls (D:3)
  10 adders
  2 shadow imps
  5 white imps (Lair:3)
  A worm (D:5)
  2 dart slugs
  81 orcs
  5 ball pythons
  3 bats
  6 endoplasms
  6 giant cockroaches
  4 goblins
  7 hobgoblins
  2 jackals (D:3)
  4 quokkas
  4 frilled lizards
  15 kobolds
  7 rats
  2 rat zombies
  11 briar patches (Swamp:3)
  2 foxfires
1003 creatures vanquished.

Vanquished Creatures (collateral kills)
  Margery (Vaults:2)
  2 golden dragons
  Jory (Vaults:4)
  Asterion (Vaults:4)
  2 sphinxes
  A fenstrider witch (Swamp:2)
  2 tengu reavers
  3 nagarajas (Snake:4)
  A fire giant (Vaults:4)
  Louise (Snake:4)
  7 vault wardens
  4 ironbound preservers
  2 war gargoyles (Vaults:3)
  A very ugly thing (Vaults:3)
  2 ironbound thunderhulks
  2 dire elephants (Vaults:2)
  A yaktaur captain (Vaults:4)
  A fire dragon (Swamp:4)
  17 vault guards
  A deep elf high priest (Vaults:2)
  2 great orbs of eyes
  3 hydras
  2 peacekeepers (Vaults:3)
  5 naga warriors
  4 ironbound frosthearts
  2 salamander tyrants (Snake:4)
  3 centaur warriors
  An anaconda (Snake:4)
  A death yak (Lair:5)
  2 naga sharpshooters
  An orc high priest (Elf:1)
  3 shock serpents
  A deep elf knight (Elf:2)
  3 hell knights (Vaults:2)
  3 salamander mystics
  4 skeletal warriors (D:13)
  3 deep trolls
  2 swamp dragons
  2 naga ritualists (Snake:4)
  4 lindwurms
  15 ironbound convokers
  4 wizards
  A deep elf archer (Elf:1)
  A deep elf pyromancer (Elf:2)
  A sphinx zombie (Vaults:4)
  3 phantasmal warriors
  6 deep elf zephyrmancers
  6 necromancers
  2 mana vipers (Snake:4)
  2 harpies (Vaults:2)
  12 ugly things
  An orc sorcerer (Orc:1)
  A cyclops (D:13)
  9 slime creatures
  A manticore (D:13)
  4 salamanders
  2 large abominations (Elf:1)
  2 human skeletons (Vaults:4)
  An ice statue (Snake:3)
  8 vault sentinels
  6 black mambas
  7 naga magi
  11 yaktaurs
  3 trolls
  4 dream sheep (Lair:5)
  A water elemental (Elf:1)
  2 spriggans
  A basilisk (Lair:5)
  A yak (Lair:6)
  A redback (Vaults:1)
  An elf skeleton (Vaults:4)
  A warg (Orc:2)
  An elf simulacrum (Vaults:4)
  6 nagas
  A swamp worm (Swamp:2)
  A hell hound (D:12)
  4 swamp drakes
  6 orc warriors
  A boggart (Vaults:3)
  An elf zombie (Elf:1)
  A human zombie (Vaults:4)
  A human simulacrum (Vaults:4)
  2 howler monkeys (D:7)
  A lava snake (Swamp:4)
  An orc priest (Orc:2)
  3 orc wizards
  12 orcs
  9 foxfires
276 creatures vanquished.

Vanquished Creatures (others)
  An ancient lich (Vaults:3)
  Jorgrun (Snake:3)
  A thorn hunter (Swamp:3)
  Agnes (Snake:4)
  4 nagarajas
  A frost giant (Vaults:5)
  4 vault wardens
  2 ironbound preservers
  3 ironbound thunderhulks
  An eleionoma (Swamp:4)
  A yaktaur captain (Vaults:2)
  5 naga warriors
  3 anacondas
  An ironbound frostheart (Vaults:3)
  A peacekeeper (Vaults:4)
  A hydra (Swamp:1)
  4 centaur warriors (Vaults:2)
  2 naga sharpshooters (Snake:4)
  3 dancing weapons (Elf:1)
  2 shock serpents
  A hell knight (Vaults:2)
  2 deep elf knights (Elf:2)
  2 salamander mystics
  A skeletal warrior (Vaults:2)
  A deep elf archer (Elf:2)
  An ironbound convoker (Vaults:2)
  A lindwurm (Swamp:4)
  2 naga ritualists (Snake:4)
  10 deep trolls
  A wizard (Vaults:3)
  3 orc knights (Orc:2)
  An ugly thing (Vaults:3)
  2 harpies (Vaults:2)
  11 salamanders
  A guardian serpent (Snake:1)
  6 black mambas
  A vault sentinel (Vaults:4)
  10 naga magi
  7 yaktaurs
  A bloated husk (Swamp:4)
  A troll (Orc:2)
  An elf skeleton (Vaults:2)
  A human (D:15)
  A steam dragon (Swamp:4)
  2 wargs (Orc:2)
  A swamp worm (Swamp:3)
  12 nagas
  8 orc warriors (Orc:2)
  2 swamp drakes
  An ogre (Orc:2)
  A killer bee (D:11)
  2 electric eels (Snake:2)
  An orc priest (Orc:2)
  4 orc wizards
  15 orcs
  3 bushes (D:8)
  1434 foxfires
  89 fungi
  213 plants
  6 withered plants (D:15)
1905 creatures vanquished.

Grand Total: 3184 creatures vanquished

Notes
Turn   | Place    | Note
-------+----------+-------------------------------------------
     0 | D:1      | croobank the Gnoll Fire Elementalist began the quest for
                  | the Orb.
     0 | D:1      | Reached XP level 1. HP: 13/13 MP: 6/6
   127 | D:1      | Reached XP level 2. HP: 19/19 MP: 4/7
   293 | D:1      | Learned a level 2 spell: Scorch
   352 | D:1      | Found a faded altar of an unknown god.
   386 | D:1      | Got Plato's Catalogue of Transmutation
   682 | D:1      | Reached XP level 3. HP: 20/25 MP: 5/9
   812 | D:2      | Reached skill level 5 in Spellcasting
   904 | D:2      | Reached skill level 1 in Invocations
  1230 | D:2      | Reached skill level 1 in Fighting
  1230 | D:2      | Reached skill level 1 in Short Blades
  1230 | D:2      | Reached skill level 1 in Long Blades
  1230 | D:2      | Reached skill level 1 in Axes
  1230 | D:2      | Reached skill level 1 in Maces & Flails
  1230 | D:2      | Reached skill level 1 in Polearms
  1230 | D:2      | Reached skill level 1 in Staves
  1230 | D:2      | Reached skill level 1 in Slings
  1230 | D:2      | Reached skill level 1 in Bows
  1230 | D:2      | Reached skill level 1 in Crossbows
  1230 | D:2      | Reached skill level 1 in Throwing
  1230 | D:2      | Reached skill level 1 in Armour
  1230 | D:2      | Reached skill level 1 in Shields
  1230 | D:2      | Reached skill level 1 in Unarmed Combat
  1230 | D:2      | Reached skill level 1 in Evocations
  1247 | D:2      | Reached XP level 4. HP: 32/32 MP: 9/11
  1252 | D:2      | Learned a level 4 spell: Flame Wave
  2041 | D:3      | Reached skill level 1 in Hexes
  2041 | D:3      | Reached skill level 1 in Summonings
  2041 | D:3      | Reached skill level 1 in Necromancy
  2041 | D:3      | Reached skill level 1 in Translocations
  2041 | D:3      | Reached skill level 1 in Transmutations
  2041 | D:3      | Reached skill level 1 in Ice Magic
  2041 | D:3      | Reached skill level 1 in Air Magic
  2041 | D:3      | Reached skill level 1 in Earth Magic
  2041 | D:3      | Reached skill level 1 in Poison Magic
  2043 | D:3      | Noticed an ice beast
  2059 | D:3      | Killed an ice beast
  2060 | D:3      | Reached XP level 5. HP: 37/37 MP: 3/12
  2648 | D:4      | Reached skill level 2 in Invocations
  2648 | D:4      | Reached XP level 6. HP: 44/44 MP: 10/13
  3105 | D:4      | Reached skill level 5 in Dodging
  3378 | D:5      | Entered Level 5 of the Dungeon
  3402 | D:5      | Learned a level 5 spell: Silence
  3406 | D:5      | Learned a level 3 spell: Conjure Flame
  3747 | D:5      | Reached XP level 7. HP: 50/50 MP: 5/15
  4102 | D:5      | Found a glowing silver altar of Zin.
  4332 | D:5      | Reached skill level 5 in Stealth
  4453 | D:5      | Reached skill level 3 in Invocations
  4989 | D:6      | Reached XP level 8. HP: 55/57 MP: 8/16
  5190 | D:6      | Found a staircase to the Ecumenical Temple.
  5212 | Temple   | Entered the Ecumenical Temple
  5318 | Temple   | Became a worshipper of Gozag Ym Sagoz the Greedy
  5488 | D:6      | Learned a level 2 spell: Ensorcelled Hibernation
  5645 | D:6      | Identified a scroll of acquirement
  5645 | D:6      | Acquired a +3 vorpal great mace
  5795 | D:6      | Found a shimmering blue altar of Sif Muna.
  6240 | D:7      | Reached skill level 4 in Invocations
  6244 | D:7      | Learned a level 2 spell: Poisonous Vapours
  6330 | D:7      | Found a stormy altar of Qazlal.
  6438 | D:7      | Reached XP level 9. HP: 65/65 MP: 12/18
  6582 | D:7      | Identified the ring "Jefinuf" {Will+ MP+9}
  6589 | D:7      | Noticed Pikel
  7236 | D:7      | Noticed a troll
  7244 | D:7      | Killed a troll
  7579 | D:7      | Found an ancient bone altar of Kikubaaqudgha.
  7641 | D:7      | Learned a level 2 spell: Passwall
  7891 | D:8      | Reached skill level 5 in Invocations
  8316 | D:8      | Reached XP level 10. HP: 60/73 MP: 14/20
  8441 | D:8      | Reached skill level 5 in Fighting
  8441 | D:8      | Reached skill level 5 in Short Blades
  8441 | D:8      | Reached skill level 5 in Long Blades
  8441 | D:8      | Reached skill level 5 in Axes
  8441 | D:8      | Reached skill level 5 in Maces & Flails
  8441 | D:8      | Reached skill level 5 in Polearms
  8441 | D:8      | Reached skill level 5 in Staves
  8441 | D:8      | Reached skill level 5 in Slings
  8441 | D:8      | Reached skill level 5 in Bows
  8441 | D:8      | Reached skill level 5 in Crossbows
  8441 | D:8      | Reached skill level 5 in Throwing
  8441 | D:8      | Reached skill level 5 in Armour
  8441 | D:8      | Reached skill level 5 in Shields
  8441 | D:8      | Reached skill level 5 in Unarmed Combat
  8441 | D:8      | Reached skill level 5 in Evocations
  8554 | D:8      | Found a staircase to the Lair.
  9269 | D:8      | Reached skill level 5 in Conjurations
  9728 | D:9      | Found Wumuo's Assorted Antiques.
  9737 | D:9      | Bought an embroidered cloak for 150 gold pieces
  9908 | D:9      | Reached skill level 6 in Invocations
 10619 | D:9      | Reached XP level 11. HP: 58/81 MP: 13/22
 10792 | D:9      | Found Dedghiga's Armour Emporium.
 10807 | D:9      | Learned a level 4 spell: Cause Fear
 11001 | D:9      | Bought a scroll of summoning for 190 gold pieces
 11144 | D:10     | Entered Level 10 of the Dungeon
 11241 | D:10     | Reached skill level 5 in Hexes
 11241 | D:10     | Reached skill level 5 in Summonings
 11241 | D:10     | Reached skill level 5 in Necromancy
 11241 | D:10     | Reached skill level 5 in Translocations
 11241 | D:10     | Reached skill level 5 in Transmutations
 11241 | D:10     | Reached skill level 5 in Ice Magic
 11241 | D:10     | Reached skill level 5 in Air Magic
 11241 | D:10     | Reached skill level 5 in Earth Magic
 11241 | D:10     | Reached skill level 5 in Poison Magic
 11435 | D:10     | Killed Pikel
 11892 | D:10     | Found a shadowy altar of Dithmenos.
 11902 | D:10     | Noticed a tengu warrior
 11915 | D:10     | Killed a tengu warrior
 12084 | D:10     | Reached skill level 7 in Invocations
 12282 | D:10     | Identified the +1 ring mail "Qaceq" {Str+3}
 12513 | D:10     | Found a runed translucent door.
 12515 | D:10     | Found a burning altar of Makhleb.
 12515 | D:10     | Noticed a sixfirhy
 13061 | D:11     | Found Ykainipn's Book Shop.
 13066 | D:11     | Noticed a two-headed ogre
 13067 | D:11     | Noticed a skeletal warrior
 13070 | D:11     | Noticed a skeletal warrior
 13140 | Lair:1   | Entered Level 1 of the Lair of Beasts
 13585 | Lair:1   | Reached XP level 12. HP: 74/89 MP: 22/24
 14252 | Lair:2   | Noticed a five-headed hydra
 14372 | Lair:1   | Killed a five-headed hydra
 15219 | Lair:2   | Reached skill level 8 in Invocations
 15491 | Lair:2   | You fall into a shaft and drop 2 floors!
 15509 | Lair:4   | Noticed a five-headed hydra
 15516 | Lair:4   | HP: 3/91 [five-headed hydra (7)]
 16734 | Lair:2   | Found a staircase to the Swamp.
 17288 | Lair:3   | Noticed a five-headed hydra
 17296 | Lair:3   | Killed a five-headed hydra
 17300 | Lair:3   | Noticed Rupert
 17493 | Lair:2   | Learned a level 4 spell: Summon Lightning Spire
 17660 | Lair:3   | Reached XP level 13. HP: 84/98 MP: 18/26
 17969 | Lair:3   | Found a staircase to the Snake Pit.
 18435 | Lair:3   | Killed Rupert
 18884 | Lair:3   | Reached skill level 9 in Invocations
 19377 | Lair:4   | Found a runed translucent door.
 19382 | Lair:4   | Noticed Zeld's ghost (journeyman DrCj)
 19676 | Lair:4   | Identified the +4 scale mail of Tartarus {Will+ Regen+}
 20129 | Lair:4   | Identified the +7 falchion of Division {vorpal, rElec Dex+2
                  | SInv}
 21031 | Lair:5   | Reached skill level 10 in Spellcasting
 22125 | Lair:6   | Entered Level 6 of the Lair of Beasts
 22145 | Lair:6   | Reached skill level 10 in Dodging
 22151 | Lair:6   | Reached XP level 14. HP: 79/106 MP: 2/28
 22700 | Lair:6   | Reached skill level 10 in Stealth
 23259 | Lair:6   | Reached skill level 10 in Invocations
 23815 | Lair:6   | Found a staircase to the Slime Pits.
 26621 | D:10     | Reached XP level 15. HP: 115/115 MP: 22/29
 27529 | D:11     | Reached skill level 10 in Fire Magic
 27973 | D:11     | Reached skill level 10 in Fighting
 27973 | D:11     | Reached skill level 10 in Short Blades
 27973 | D:11     | Reached skill level 10 in Long Blades
 27973 | D:11     | Reached skill level 10 in Axes
 27973 | D:11     | Reached skill level 10 in Maces & Flails
 27973 | D:11     | Reached skill level 10 in Polearms
 27973 | D:11     | Reached skill level 10 in Staves
 27973 | D:11     | Reached skill level 10 in Slings
 27973 | D:11     | Reached skill level 10 in Bows
 27973 | D:11     | Reached skill level 10 in Crossbows
 27973 | D:11     | Reached skill level 10 in Throwing
 27973 | D:11     | Reached skill level 10 in Armour
 27973 | D:11     | Reached skill level 10 in Shields
 27973 | D:11     | Reached skill level 10 in Unarmed Combat
 27973 | D:11     | Reached skill level 10 in Evocations
 29023 | D:12     | Reached skill level 11 in Invocations
 29647 | D:12     | Noticed Frances
 29721 | D:12     | Killed Frances
 29972 | D:12     | Found a staircase to the Orcish Mines.
 30029 | Orc:1    | Entered Level 1 of the Orcish Mines
 30468 | Orc:1    | Found Cedickim's Weapon Emporium.
 30644 | Orc:2    | Entered Level 2 of the Orcish Mines
 30645 | Orc:2    | Upgraded the game from 0.28.0-45-g0d030f2227 to
                  | 0.28.0-47-ge53b351184
 30651 | Orc:2    | Learned a level 4 spell: Petrify
 31486 | Orc:2    | Found a staircase to the Elven Halls.
 31493 | Orc:2    | Found Yfomn's Armour Boutique.
 31493 | Orc:2    | Found Jeh Keig's Armour Emporium.
 32185 | Orc:2    | Found Niga's General Store.
 32185 | Orc:2    | Found Bumuasea's Antique Weapon Emporium.
 32209 | Orc:2    | Bought a scroll of blinking for 97 gold pieces
 32922 | Snake:1  | Entered Level 1 of the Snake Pit
 33206 | Snake:1  | Found Kifri's Jewellery Boutique.
 33206 | Snake:1  | Found Veblep's Jewellery Shop.
 33210 | Snake:1  | Found Ewimyck's Weapon Boutique.
 33214 | Snake:1  | Bought a ring of poison resistance for 340 gold pieces
 33214 | Snake:1  | Bought an amulet of regeneration for 510 gold pieces
 34017 | Snake:2  | Reached XP level 16. HP: 105/123 MP: 31/31
 34086 | Snake:2  | Identified Roxanne's Almanac of Transmutation
 34086 | Snake:2  | Noticed Roxanne
 34219 | Snake:2  | Noticed a nagaraja
 34232 | Snake:2  | Killed a nagaraja
 35569 | Snake:3  | Noticed a nagaraja
 35590 | Snake:3  | Killed a nagaraja
 35760 | Snake:3  | Noticed Jorgrun
 35805 | Snake:3  | Found a frozen archway.
 35822 | IceCv    | Entered an ice cave
 36271 | IceCv    | Learned a level 3 spell: Frozen Ramparts
 36275 | IceCv    | Learned a level 3 spell: Mephitic Cloud
 36344 | Snake:3  | Noticed Donald
 36351 | Snake:3  | Your ally Jorgrun died
 36358 | Snake:3  | Found Kino Cir's Distillery.
 36359 | Snake:3  | Found Kyufor's Antique Armour Shoppe.
 36361 | Snake:3  | Found Waisir's General Store.
 36361 | Snake:3  | Found Cedieny's Weapon Emporium.
 36369 | Snake:3  | Killed Donald
 36383 | Snake:3  | Reached skill level 12 in Invocations
 36495 | Snake:3  | Gained mutation: Your mind is acute. (Int +2) [potion of
                  | mutation]
 36495 | Snake:3  | Gained mutation: Armour fits poorly on your strangely
                  | shaped body. [potion of mutation]
 36495 | Snake:3  | Gained mutation: You are clumsy. (Dex -2) [potion of
                  | mutation]
 36496 | Snake:3  | Lost mutation: Armour fits poorly on your strangely shaped
                  | body. [potion of mutation]
 36496 | Snake:3  | Lost mutation: You are clumsy. (Dex -2) [potion of
                  | mutation]
 36496 | Snake:3  | Lost mutation: Your mind is acute. (Int +2) [potion of
                  | mutation]
 36496 | Snake:3  | Gained mutation: You sometimes lose the ability to read
                  | scrolls when taking damage. [potion of mutation]
 36497 | Snake:3  | Lost mutation: You sometimes lose the ability to read
                  | scrolls when taking damage. [potion of mutation]
 36497 | Snake:3  | Gained mutation: You are robust. (+10% HP) [potion of
                  | mutation]
 36497 | Snake:3  | Gained mutation: You have a pair of small horns on your
                  | head. [potion of mutation]
 37007 | Snake:4  | Entered Level 4 of the Snake Pit
 37063 | Snake:4  | Noticed Agnes
 37066 | Snake:4  | Found Rogrifad's General Store.
 37092 | Snake:4  | Noticed a nagaraja
 37136 | Snake:4  | Noticed a nagaraja
 37141 | Snake:4  | Killed a nagaraja
 37252 | Snake:4  | Found Qaed Goi's CLEARANCE SALE!.
 37253 | Snake:4  | Killed a nagaraja
 37315 | Snake:4  | Noticed Louise
 37329 | Snake:4  | Killed Louise
 37428 | Snake:4  | Found a white marble altar of Elyvilon.
 37555 | Snake:4  | Noticed a nagaraja
 37569 | Snake:4  | Noticed a nagaraja
 37591 | Snake:4  | Your ally Agnes died
 37597 | Snake:4  | Killed a nagaraja
 37607 | Snake:4  | Noticed a nagaraja
 37614 | Snake:4  | Killed a nagaraja
 37620 | Snake:4  | Killed a nagaraja
 37890 | Snake:4  | Got a serpentine rune of Zot
 38466 | D:13     | Reached XP level 17. HP: 141/144 MP: 25/33
 38724 | D:13     | Found a runed translucent door.
 38727 | D:13     | Noticed Azrael
 38729 | D:13     | Noticed Kazon's ghost (journeyman DDFi)
 38920 | D:12     | Killed Azrael
 39077 | D:13     | Identified the +2 robe "Ivaacowa" {Int+4}
 39533 | D:13     | Reached skill level 10 in Conjurations
 40561 | D:13     | Found a gate to the Vaults.
 41659 | D:15     | Entered Level 15 of the Dungeon
 41694 | D:15     | Found a staircase to the Depths.
 42641 | D:15     | Noticed Kirke
 42644 | D:15     | Reached skill level 10 in Hexes
 42644 | D:15     | Reached skill level 10 in Summonings
 42644 | D:15     | Reached skill level 10 in Necromancy
 42644 | D:15     | Reached skill level 10 in Translocations
 42644 | D:15     | Reached skill level 10 in Transmutations
 42644 | D:15     | Reached skill level 10 in Ice Magic
 42644 | D:15     | Reached skill level 10 in Air Magic
 42644 | D:15     | Reached skill level 10 in Earth Magic
 42644 | D:15     | Reached skill level 10 in Poison Magic
 42658 | D:15     | Noticed a sphinx
 42659 | D:15     | Killed Kirke
 43599 | Swamp:1  | Entered Level 1 of the Swamp
 43962 | Swamp:1  | Reached skill level 13 in Invocations
 44241 | Swamp:1  | Paralysed by a hornet for 2 turns
 44686 | Swamp:2  | Reached XP level 18. HP: 99/154 MP: 31/35
 44847 | Swamp:2  | Found a runed translucent gate.
 44847 | Swamp:2  | Found a runed translucent gate.
 44847 | Swamp:2  | Found a runed translucent gate.
 44848 | Swamp:2  | Found the +8 longbow "Zephyr" {speed, Dex+3 SInv}
 44852 | Swamp:2  | Noticed Ykec Esm's ghost (journeyman DrWn)
 44942 | Swamp:2  | Killed Ykec Esm's ghost
 45032 | Swamp:2  | Learned a level 4 spell: Summon Ice Beast
 46291 | Swamp:4  | Entered Level 4 of the Swamp
 46417 | Swamp:4  | Identified the +4 broad axe of Bloodstone {vorpal, rF-
                  | Int+4 Dex+3}
 47332 | Swamp:4  | Got a decaying rune of Zot
 47618 | Vaults:1 | Entered Level 1 of the Vaults
 48759 | Vaults:1 | Found a transporter.
 48768 | Vaults:1 | Found a transporter.
 49356 | Vaults:1 | Reached XP level 19. HP: 133/162 MP: 21/36
 49987 | Vaults:2 | Noticed Margery
 50012 | Vaults:2 | Killed Margery
 50013 | Vaults:2 | Reached skill level 14 in Invocations
 50632 | Vaults:2 | Noticed Saint Roka
 50671 | Vaults:2 | Killed Saint Roka
 51652 | Vaults:2 | Found a staircase to the Crypt.
 51730 | Vaults:2 | Noticed Asterion
 51791 | Vaults:2 | Identified the +6 scimitar of Evolution {protect, rF- rCorr
                  | Int+3 Stlth+}
 52460 | Vaults:3 | Acquired 852 gold pieces
 52968 | Vaults:3 | Noticed an ancient lich
 53005 | Vaults:3 | Noticed a golden dragon
 53011 | Vaults:3 | Killed a golden dragon
 53150 | Vaults:3 | Killed an ancient lich
 53446 | Vaults:3 | Noticed Aizul
 53453 | Vaults:3 | Killed Aizul
 53733 | Vaults:4 | Reached XP level 20. HP: 172/172 MP: 38/38
 53896 | Vaults:4 | Noticed Jory
 53903 | Vaults:4 | Killed Jory
 54599 | Vaults:4 | Noticed a golden dragon
 54607 | Vaults:4 | Killed a golden dragon
 55443 | Vaults:4 | Identified the +7 war axe "Kaneuxeos" {holy, rC- Will++}
 56048 | Vaults:5 | Entered Level 5 of the Vaults
 56055 | Vaults:4 | Reached skill level 15 in Invocations
 56075 | Vaults:4 | HP: 1/173 [Asterion/orb of electricity (38)]
 56075 | Vaults:4 | Your ally Asterion died
 56942 | Elf:1    | Entered Level 1 of the Elven Halls
 57020 | Elf:1    | Paralysed by an air elemental for 1 turns
 57673 | Depths:1 | Entered Level 1 of the Depths
 58504 | Elf:1    | Got Zeivefur's Incunabulum of Sinister Magic
 58915 | Elf:1    | Found Wal Buss's Jewellery Shoppe.
 59290 | Elf:2    | Paralysed by an air elemental for 1 turns
 59298 | Elf:2    | Paralysed by an air elemental for 1 turns
 59468 | Elf:2    | Killed from afar by a deep elf zephyrmancer

Illustrated notes

Levels and vault maps discovered:
D:1:      roderic_dead_forest, layout_rooms, shapermc_ecumenical_altar_rom_forum
D:2:      layout_loops_ring
D:3:      layout_rooms, serial_bayou_pond_e
D:4:      layout_basic, serial_aquarium, aquarium_bridge_square
          [aquarium_subvault_bridge, aquarium_subvault_bridge,
          aquarium_subvault_balcony, aquarium_subvault_bridge],
          aquarium_window_fake, aquarium_window_1, aquarium_view_2b,
          aquarium_view_2a, aquarium_balcony_3b
D:5:      layout_gridville, mainiacjoe_overflow_small_starburst,
          grunt_decor_resistance, guppyfry_early_lair_pool
D:6:      layout_loops_cross, kennysheep_mini_moat, minmay_temple_entry_wispy
D:7:      layout_basic, grunt_qazlal_sundering,
          lemuel_zombie_altar_kikubaaqudgha, grunt_potential, uniq_pikel
D:8:      layout_cave_pools, minmay_lair_entry_grove, serial_bayou_pond_b
D:9:      layout_loops_corners, serial_shops, nicolae_shop_overgrown_old_shop,
          nicolae_shop_crystal
D:10:     layout_stronghold, nzn_makhleb_speed_demon,
          mainiacjoe_overflow_cross_hatched, hangedman_decor_growths
D:11:     minmay_the_grid_4x2 [minmay_the_grid_dragon_a,
          minmay_the_grid_embedded, minmay_the_grid_holed_spiral,
          minmay_the_grid_spin_star, minmay_the_grid_doors,
          minmay_the_grid_box_x, minmay_the_grid_gridbox,
          minmay_the_grid_prize_trominoes], layout_stronghold, serial_shops,
          nicolae_shop_statue_plus
D:12:     minmay_inner_zag, layout_basic, hiddenorc1_lemuel,
          chequers_mini_garden, uniq_frances
D:13:     layout_rooms, grunt_vaults_entry_fortified, hellmonk_ghost_big_iron,
          drop_trap, uniq_azrael
D:14:     layout_loops_cross, gauntlet_entry_generic, minmay_misc_feat_five
D:15:     gammafunk_depths_entry_grave, layout_loops_ring, columned_hall_lemuel,
          uniq_kirke
Temple:   nicolae_temple_elliptical
Lair:1:   layout_regular_city, serial_rivers, chequers_serial_rivers_large_b,
          chequers_serial_rivers_marsh, chequers_serial_rivers_micro_b,
          chequers_serial_rivers_micro_c, evilmike_ambush
          [evilmike_ambush_outer_basic, evilmike_ambush_inner_cross],
          lemuel_fruit_tree
Lair:2:   layout_regular_city, nicolae_swamp_entry_splash_gauntlet
Lair:3:   layout_chaotic_city, guppyfry_snake_entry_island, ice2_lemuel,
          uniq_rupert
Lair:4:   layout_misc_corridors, ebering_ghost_reflecting_pool,
          serial_bayou_shore_a, grunt_megastairs_1
Lair:5:   layout_small_grid
Lair:6:   minmay_lair_end_enchanted_forest, layout_concentric_octagons,
          minmay_slime_entry_pillars, st_stairs_5
Swamp:1:  layout_basic_swamp, evilmike_swamp_ruin_house_1, swamp_pool2,
          hangedman_swamp_blocks, nicolae_swamp_round_clearing,
          nicolae_swamp_baby_hydras
Swamp:2:  layout_basic_swamp, ebering_ghost_rock_garden,
          nicolae_swamp_triple_paths, swamp_pool5, cheibrodos_swamp_witchery
Swamp:3:  layout_basic_swamp, nicolae_swamp_long_stream, swamp_pool1
Swamp:4:  swamp_fiery, layout_basic_swamp
Snake:1:  layout_gridlike, minmay_shop_star
Snake:2:  layout_onion_interference, serial_bayou, serial_bayou_crossing,
          serial_bayou_lagoon_b, serial_bayou_lagoon_a, serial_bayou_pond_a,
          nicolae_snake_double_loop, uniq_roxanne
Snake:3:  layout_misc_corridors, portal_ice_cave_entry_ice_statue_one,
          minmay_shoptagon, grunt_megastairs_4, uniq_donald, uniq_jorgrun
Snake:4:  snake_pit, layout_misc_corridors, serial_shops, shop, basic_altar,
          nicolae_shop_clearance, uniq_louise, uniq_agnes
Orc:1:    layout_caves, serial_shops, shop_statue
Orc:2:    st_orc_town, layout_caves, enter_volcano_1
Elf:1:    layout_geoelf_octagon, serial_shops, shop, minmay_elf_necromancy
Elf:2:    nicolae_elf_blades_crystal_corner, layout_geoelf_diagonals
Vaults:1: v_rooms_4, gammafunk_sealed_arena, ontoclasm_vaults_bender,
          hangedman_vaults_maws, nicolae_vaults_network_quinsquares
          [nicolae_vaults_network_quincunx_subvault,
          nicolae_vaults_network_quincunx_subvault,
          nicolae_vaults_network_quincunx_subvault,
          nicolae_vaults_network_quincunx_subvault], hangedman_vaults_corner,
          v_alt_pattern_1, vaults_room_fancy_cross, hangedman_vaults_impose,
          nicolae_vaults_three_branches, ontoclasm_vaults_gateway,
          ontoclasm_vaults_eye, layout_vaults_maze_snakey
Vaults:2: minmay_crypt_entry_skeletal_spiral, v_misc_14,
          vaults_room_ringed_pool, nicolae_vaults_network_square,
          vaults_room_door_ring, v_misc_2, nicolae_vaults_quadrants,
          ontoclasm_vaults_ligature, ontoclasm_vaults_misaligned,
          ontoclasm_vaults_pinch, layout_vaults_ring, uniq_margery,
          uniq_saint_roka, uniq_asterion
Vaults:3: vaults_standard_mumra_lines, vaults_room_pool, st_octagons_1,
          nicolae_vaults_border_crossing, hangedman_vaults_hat,
          ontoclasm_vaults_misaligned, v_rooms_4, hangedman_vaults_maws,
          vaults_mumra_hexcomb, vaults_room_pools, vaults_room_stairs_pillars,
          layout_vaults_omnicross, uniq_aizul
Vaults:4: nicolae_vaults_big_ls, hangedman_vaults_river_flow,
          ontoclasm_vaults_ring_large, v_rooms_5, v_misc_28,
          dpeg_vaults_monster_box, nicolae_vaults_quartermaster,
          layout_vaults_big_room, uniq_jory
Vaults:5
Depths:1: layout_basic, lightli_too_deep, minmay_misc_feat_pillars,
          hangedman_decor_lopped, grunt_ministairs_6,
          minmay_mirror_moons_of_madness, minmay_shop_grove

Skill      XL: |  1  2  3  4  5  6  7  8  9 10 11 12 13 14 15 16 17 18 19 20 |
---------------+-------------------------------------------------------------+-----
Conjurations   | 2 3 4 5 6 7 8 9 10 11 12 | 12.1
Spellcasting   | 5 6 7 8 9 10 11 12 13 14 | 14.8
Invocations    | 1 2 3 4 5 6 7 8 9 10 11 12 13 14 15 | 15.2
Fighting       | 1 2 3 4 5 6 7 8 9 10 11 12 13 14 | 14.1
Short Blades   | 1 2 3 4 5 6 7 8 9 10 11 12 13 14 | 14.1
Long Blades    | 1 2 3 4 5 6 7 8 9 10 11 12 13 14 | 14.1
Axes           | 1 2 3 4 5 6 7 8 9 10 11 12 13 14 | 14.1
Maces & Flails | 1 2 3 4 5 6 7 8 9 10 11 12 13 14 | 14.1
Polearms       | 1 2 3 4 5 6 7 8 9 10 11 12 13 14 | 14.1
Staves         | 1 2 3 4 5 6 7 8 9 10 11 12 13 14 | 14.1
Slings         | 1 2 3 4 5 6 7 8 9 10 11 12 13 14 | 14.1
Bows           | 1 2 3 4 5 6 7 8 9 10 11 12 13 14 | 14.1
Crossbows      | 1 2 3 4 5 6 7 8 9 10 11 12 13 14 | 14.1
Throwing       | 1 2 3 4 5 6 7 8 9 10 11 12 13 14 | 14.1
Armour         | 1 2 3 4 5 6 7 8 9 10 11 12 13 14 | 14.1
Shields        | 1 2 3 4 5 6 7 8 9 10 11 12 13 14 | 14.1
Unarmed Combat | 1 2 3 4 5 6 7 8 9 10 11 12 13 14 | 14.1
Evocations     | 1 2 3 4 5 6 7 8 9 10 11 12 13 14 | 14.1
Hexes          | 1 2 3 4 5 6 7 8 9 10 11 | 11.9
Summonings     | 1 2 3 4 5 6 7 8 9 10 11 | 11.9
Necromancy     | 1 2 3 4 5 6 7 8 9 10 11 | 11.9
Translocations | 1 2 3 4 5 6 7 8 9 10 11 | 11.9
Transmutations | 1 2 3 4 5 6 7 8 9 10 11 | 11.9
Ice Magic      | 1 2 3 4 5 6 7 8 9 10 11 | 11.9
Air Magic      | 1 2 3 4 5 6 7 8 9 10 11 | 11.9
Earth Magic    | 1 2 3 4 5 6 7 8 9 10 11 | 11.9
Poison Magic   | 1 2 3 4 5 6 7 8 9 10 11 | 11.9
Dodging        | 5 6 7 8 9 10 11 12 13 14 | 14.7
Stealth        | 5 6 7 8 9 10 11 12 13 14 | 14.6
Fire Magic     | 6 7 8 9 10 11 12 13 | 13.1

Action                   |  1- 3 |  4- 6 |  7- 9 | 10-12 | 13-15 | 16-18 | 19-21 || total
-------------------------+-------+-------+-------+-------+-------+-------+-------++-------
Melee: Unarmed           |     3 |       |       |       |       |       |       ||     3
       Short sword       |     1 |     7 |     2 |       |       |       |       ||    10
       Great mace        |       |       |    26 |    50 |   206 |       |       ||   282
       Bite              |       |       |     1 |    18 |    43 |   142 |   132 ||   336
       Battleaxe         |       |       |       |    33 |       |       |       ||    33
       Falchion          |       |       |       |       |    31 |   309 |       ||   340
       Punch             |       |       |       |       |     4 |    11 |       ||    15
       Headbutt          |       |       |       |       |       |   171 |   196 ||   367
       Broad axe         |       |       |       |       |       |   221 |   397 ||   618
       Demon trident     |       |       |       |       |       |   206 |   204 ||   410
Throw: Dart              |       |       |       |       |     1 |     1 |       ||     2
 Cast: Foxfire           |    47 |    41 |    84 |    90 |   309 |   200 |    76 ||   847
       Scorch            |     5 |    33 |   103 |   188 |   636 |   370 |   225 ||  1560
       Flame Wave        |       |     1 |     4 |    41 |    69 |    65 |     6 ||   186
       Ensorcelled Hiber |       |       |     5 |     7 |     8 |       |     3 ||    23
       Poisonous Vapours |       |       |     1 |    29 |    26 |     8 |    11 ||    75
       Summon Lightning  |       |       |       |     1 |    29 |    84 |    78 ||   192
       Silence           |       |       |       |     1 |     2 |     3 |     3 ||     9
       Petrify           |       |       |       |       |     2 |     7 |     1 ||    10
       Frozen Ramparts   |       |       |       |       |       |     4 |       ||     4
       Mephitic Cloud    |       |       |       |       |       |     3 |       ||     3
       Summon Ice Beast  |       |       |       |       |       |     8 |    50 ||    58
       Cause Fear        |       |       |       |       |       |       |     2 ||     2
Invok: Bribe Branch      |       |       |       |       |     2 |       |     2 ||     4
       Potion Petition   |       |       |       |       |       |     3 |     6 ||     9
Evoke: Wand              |       |       |       |     3 |     6 |    10 |     1 ||    20
       Phantom mirror    |       |       |       |       |     2 |     3 |       ||     5
       Phial of floods   |       |       |       |       |       |     4 |     1 ||     5
  Use: Scroll            |       |    10 |    10 |    15 |    13 |    10 |     7 ||    65
       Potion            |       |       |     2 |    10 |     8 |    16 |     7 ||    43
 Stab: Sleeping          |       |       |     1 |       |       |     6 |     4 ||    11
       Distracted        |       |       |       |       |     4 |    13 |    12 ||    29
       Petrified         |       |       |       |       |       |     4 |       ||     4
       Invisible         |       |       |       |       |       |     1 |     4 ||     5
       Confused          |       |       |       |       |       |     3 |       ||     3
       Paralysed         |       |       |       |       |       |       |     1 ||     1
Armor: Robe              |       |     5 |    39 |    61 |       |       |       ||   105
       Ring mail         |       |       |       |   159 |    49 |       |       ||   208
       Scale mail        |       |       |       |       |   713 |   705 |   158 ||  1576
       Skin              |       |       |       |       |       |       |     1 ||     1
Dodge: Dodged            |     4 |    17 |    75 |   273 |   625 |   426 |   110 ||  1530
Block: Other             |       |       |       |       |    80 |       |       ||    80
       Reflection        |       |       |       |       |     6 |    60 |    22 ||    88
       Tower shield      |       |       |       |       |       |  1104 |   549 ||  1653
